 Dungeon Crawl Stone Soup version 0.21.1-1-g345015fe64 (webtiles) character file.

12149 DildoBatman the Covert (level 11, 0/72 HPs)
             Began as an Octopode Wizard on June 25, 2018.
             Was an Elder of Sif Muna.
             Slain by an ice devil (11 damage)
             ... on level 11 of the Dungeon.
             The game lasted 00:50:24 (12636 turns).

DildoBatman the Covert (Octopode Wizard)           Turns: 12636, Time: 00:50:25

Health: 0/72       AC:  1    Str:  7    XL:     11   Next: 88%
Magic:  20/20      EV: 17    Int: 23    God:    Sif Muna [****..]
Gold:   797        SH:  5    Dex: 16    Spells: 15/23 levels left

rFire    + . .     SeeInvis .   a - +4 trident (venom)
rCold    . . .     Gourm    .   w - +0 buckler
rNeg     . . .     Faith    .   f - +0 hat
rPois    +         Spirit   .   (no amulet)
rElec    .         Reflect  .   m - +2 ring of dexterity
rCorr    .         Harm     .   n - +3 ring of dexterity
MR       .....                  N - ring of flight
Stlth    +++++.....             D - ring of poison resistance
HPRegen  0.22/turn              (no ring)
MPRegen  0.17/turn              K - ring of protection from fire
                                (no ring)
                                (no ring)

@: divine energy
A: almost no armour, stealthy swim, amphibious, 8 rings, constrict 8, camouflage
1, mutation resistance 1, gelatinous body 1
a: Stop Divine Energy, Channel Magic, Forget Spell, Renounce Religion, Evoke
Flight


You were on level 11 of the Dungeon.
You worshipped Sif Muna.
Sif Muna was greatly pleased with you.
You were not hungry.

You visited 2 branches of the dungeon, and saw 12 of its levels.
You also visited: Bailey.

You collected 797 gold pieces.

Inventory:

Hand Weapons
 a - a +4 trident of venom (weapon)
 b - a +4 battleaxe of freezing
 c - a +1 shortbow of flaming
 d - the +1 demon whip of Qyptojuth {elec, rC- MR+ Dex+2 Stlth+}
   (You took it off an orc in a bailey)

   Occasionally, upon striking a foe, it will discharge some electrical energy
   and cause terrible harm.
   It affects your dexterity (+2).
   It makes you vulnerable to cold.
   It affects your resistance to hostile enchantments.
   It makes you more stealthy.
 e - a +0 flail of draining
Missiles
 h - 55 poisoned needles
 k - 156 arrows
 o - 61 bolts
 s - 358 stones (quivered)
 E - 2 throwing nets
 I - 57 sling bullets
 R - 4 exploding tomahawks
Armour
 f - a +0 hat (worn)
 w - a +0 buckler (worn)
 L - a +2 shield
Jewellery
 m - a +2 ring of dexterity (left tentacle)
 n - a +3 ring of dexterity (right tentacle)
 D - a ring of poison resistance (on tentacle)
 K - a ring of protection from fire (on tentacle)
 N - a ring of flight (on tentacle)
Scrolls
 g - 2 scrolls of fear {unknown}
 j - a scroll of noise {unknown}
 u - a scroll of remove curse
 x - a scroll of silence {unknown}
 y - a scroll of holy word {unknown}
 z - 2 scrolls of identify
 C - 2 scrolls of magic mapping
 F - 4 scrolls of amnesia {unknown}
 M - 3 scrolls of enchant weapon {unknown}
 O - 2 scrolls of fog {unknown}
 Q - 9 scrolls of teleportation
Potions
 i - a potion of mutation
 l - a potion of agility {unknown}
 p - 4 potions of curing
 q - 2 potions of haste {unknown}
 r - 2 potions of magic {unknown}
 t - 2 potions of cancellation {unknown}
 B - a potion of flight {unknown}
 G - 3 potions of heal wounds
 H - a potion of might {unknown}
 J - 3 potions of lignification
 P - 2 potions of experience {unknown}
 T - a potion of berserk rage {unknown}
 U - a potion of resistance {unknown}
Books
 A - a book of Minor Magic

   Spells                             Type                      Level
   a - Magic Dart                     Conjuration                  1
   b - Blink                          Translocation                2
   c - Call Imp                       Summoning                    2
   d - Slow                           Hexes                        2
   e - Conjure Flame                  Conjuration/Fire             3
   f - Mephitic Cloud                 Conjuration/Poison/Air       3
Comestibles
 v - 20 rations


   Skills:
 * Level 5.8 Fighting
 - Level 4.0 Polearms
 * Level 0.0 Bows
 * Level 5.7 Dodging
 - Level 10.0 Stealth
 - Level 4.1 Shields
 * Level 6.6 Spellcasting
 - Level 5.0 Conjurations
 * Level 4.4 Hexes
   Level 1.0 Summonings
 - Level 1.0 Translocations
 * Level 6.7 Air Magic
 - Level 6.0 Poison Magic
 - Level 6.0 Invocations
 * Level 2.7 Evocations


You had 15 spell levels left.
You knew the following spells:

 Your Spells              Type           Power        Failure   Level  Hunger
a - Slow                  Hex            ####....     1%          2    None
c - Magic Dart            Conj           ####         1%          1    None
e - Mephitic Cloud        Conj/Pois/Air  ####....     1%          3    None
h - Blink                 Tloc           N/A          8%          2    None


Dungeon Overview and Level Annotations

Branches:
Dungeon (11/15)            Temple (1/1) D:4
   Lair: D:8-11         Orc: D:9-12

Altars:
Ashenzari
Cheibriados
Dithmenos
Elyvilon
Fedhas
Gozag
Hepliaklqana
Kikubaaqudgha
Makhleb
Nemelex Xobeh
Okawaru
Qazlal
Ru
Sif Muna
Trog
Uskayaw
Vehumet
Wu Jian
Xom
Yredelemnul
Zin
The Shining One

Shops:
D:6 *

Portals:
Ice
Cave: D:11

Annotations:
D:6 1 transporter, exclusion: orc warlord
D:7 1 runed door


Innate Abilities, Weirdness & Mutations

You cannot wear most types of armour.
You are very stealthy in the water. (Stealth+)
You are amphibious.
You can wear up to eight rings at the same time.
You can use your tentacles to constrict eight enemies at once.
Your skin changes colour to match your surroundings (Stealth+).
Your rubbery body absorbs attacks. (AC +1, EV +1)
You are somewhat resistant to further mutation.


Message History

You hear the steady crackling of a melting archway nearby.
Some of the chunks of flesh in your inventory have rotted away.
Casting: Magic Dart
Confirm with . or Enter, or press ? or * to list all spells.
Aiming: Slow
Press: ? - help, Shift-Dir - straight line, f - ice devil
Aim: an ice devil (chance to defeat MR: 18%)
The ice devil resists with almost no effort.
You see here a club.
All of the chunks of flesh in your inventory have rotted away.
You see here a club.
You hear the steady crackling of a melting archway nearby.
Found a frozen archway.
There is an open door here.
The ice devil hits you! The ice devil freezes you! The ice devil hits you!
The ice devil freezes you! The ice devil hits you!
You die...

#4##....###.<...#
#...... #.......#
#.....# ####.##
###....## #.....#
###.# #..#### #.....#
#...# #.## ###...#
#.### #.# ###########
#.# #.####....# #.#
#.'.##....# #######.#
#.#...44@∩####.......#
#.+.##....##...#.#####
######....####...#
###### #####


You could see 2 ice devils.

Vanquished Creatures
  3 two-headed ogres (D:8)
  A centaur skeleton (D:11)
  2 trolls (D:9)
  Grinder (D:4)
  4 hippogriffs
  A wyvern (D:8)
  12 yaks
  4 hogs (D:7)
  A human (D:7)
  A steam dragon (D:8)
  A water moccasin (D:10)
  2 black bears
  An ice beast (D:8)
  An eye of draining (D:10)
  15 orc warriors
  3 phantoms
  4 centaurs
  6 ogres
  7 big kobolds (D:3)
  4 bullfrogs
  A gnoll sergeant (D:7)
  2 scorpions
  9 killer bees (D:9)
  10 wights
  3 howler monkeys
  A centaur zombie (D:5)
  6 crimson imps
  2 quasits
  6 hounds
  A bullfrog skeleton (D:3)
  4 orc priests
  3 iguanas
  4 jellies
  7 orc wizards
  6 worker ants
  A hound zombie (D:8)
  A mummy (D:4)
  2 worker ant zombies (D:9)
  25 gnolls
  10 adders
  5 shadow imps
  An ooze (D:3)
  An adder skeleton (D:7)
  3 worms
  3 leopard geckos
  34 orcs
  8 bats
  4 giant cockroaches
  20 goblins
  26 hobgoblins
  3 jackals (D:8)
  42 kobolds
  3 quokkas
  2 ball pythons
  A frilled lizard (D:1)
  A quokka skeleton (D:5)
  13 rats
348 creatures vanquished.

Notes
Turn   | Place    | Note
-------+----------+-------------------------------------------
     0 | D:1      | DildoBatman the Octopode Wizard began the quest for the Orb.
     0 | D:1      | Reached XP level 1. HP: 11/11 MP: 4/4
   132 | D:1      | Reached XP level 2. HP: 17/17 MP: 1/6
   671 | D:1      | Reached XP level 3. HP: 21/21 MP: 2/7
   675 | D:1      | Learned a level 2 spell: Slow
   679 | D:1      | Learned a level 3 spell: Mephitic Cloud
   682 | D:1      | Learned a level 2 spell: Blink
  1185 | D:2      | Reached XP level 4. HP: 27/27 MP: 4/8
  1796 | D:3      | Reached skill level 3 in Stealth
  2336 | D:4      | Found a shimmering altar of Xom.
  2339 | D:4      | Found an ornate altar of the Wu Jian Council.
  2360 | D:4      | Found an ancient bone altar of Kikubaaqudgha.
  2362 | D:4      | Found a basalt altar of Yredelemnul.
  2474 | D:4      | Reached skill level 1 in Fighting
  2474 | D:4      | Reached skill level 1 in Poison Magic
  2474 | D:4      | Reached XP level 5. HP: 33/33 MP: 5/9
  2523 | D:4      | Found a staircase to the Ecumenical Temple.
  2532 | Temple   | Entered the Ecumenical Temple
  2700 | Temple   | Became a worshipper of Sif Muna the Loreminder
  2800 | D:4      | Reached skill level 1 in Air Magic
  2880 | D:4      | Reached skill level 1 in Shields
  2911 | D:4      | Noticed Grinder
  3042 | D:4      | Noticed an ogre
  3074 | D:4      | Killed an ogre
  3074 | D:4      | Reached XP level 6. HP: 26/39 MP: 1/10
  3169 | D:4      | Found a snail-covered altar of Cheibriados.
  3662 | D:3      | Reached XP level 7. HP: 42/45 MP: 5/11
  3792 | D:3      | Reached * piety under Sif Muna
  3936 | D:3      | Reached skill level 1 in Invocations
  4225 | D:5      | Entered Level 5 of the Dungeon
  4227 | D:5      | Found a burning altar of Makhleb.
  4308 | D:5      | Reached XP level 8. HP: 51/51 MP: 8/12
  4360 | D:5      | Gained mutation: You are dopey. (Int -2) [potion of mutation]
  4360 | D:5      | Gained mutation: Your spells are a little harder to cast, but a little more powerful. [potion of mutation]
  4431 | D:3      | Lost mutation: You are dopey. (Int -2) [potion of mutation]
  4431 | D:3      | Lost mutation: Your spells are a little harder to cast, but a little more powerful. [potion of mutation]
  4431 | D:3      | Gained mutation: You are somewhat resistant to further mutation. [potion of mutation]
  5120 | D:5      | Reached skill level 4 in Stealth
  5960 | D:6      | Found Deymut's General Store.
  5964 | D:6      | Found a sparkling altar of Nemelex Xobeh.
  6318 | D:6      | Found a sparkling altar of Nemelex Xobeh.
  6318 | D:6      | Found a transporter.
  6318 | D:6      | Noticed a hippogriff
  6389 | D:6      | Reached skill level 5 in Stealth
  6620 | D:6      | Reached XP level 9. HP: 52/57 MP: 15/15
  6748 | D:7      | Reached skill level 5 in Conjurations
  6977 | D:7      | Reached ** piety under Sif Muna
  6999 | D:7      | Found a glowing golden altar of the Shining One.
  6999 | D:7      | Found a runed door.
  6999 | D:7      | Noticed an angel
  7153 | D:7      | Reached skill level 6 in Stealth
  7462 | D:7      | Reached skill level 1 in Hexes
  7631 | D:7      | Reached skill level 1 in Polearms
  7654 | D:7      | Reached skill level 5 in Air Magic
  7906 | D:4      | Paralysed by Grinder for 7 turns
  7920 | D:4      | Killed Grinder
  7920 | D:4      | Reached XP level 10. HP: 24/65 MP: 10/17
  8093 | D:8      | Reached skill level 7 in Stealth
  8093 | D:8      | Reached skill level 5 in Spellcasting
  8141 | D:8      | Found a sacrificial altar of Ru.
  8177 | D:8      | Noticed a two-headed ogre
  8196 | D:8      | Killed a two-headed ogre
  8196 | D:8      | Reached skill level 5 in Fighting
  8200 | D:8      | Reached skill level 5 in Dodging
  8266 | D:8      | Found a flagged portal.
  8333 | Bailey   | Entered a bailey
  8558 | Bailey   | Reached skill level 5 in Invocations
  8809 | Bailey   | Reached *** piety under Sif Muna
  9149 | Bailey   | Got a crystal demon whip {elec}
  9176 | Bailey   | Identified the cursed +1 demon whip of Qyptojuth {elec, rC- MR+ Dex+2 Stlth+} (You took it off an orc in a bailey)
  9212 | Bailey   | Noticed an orc warlord
  9287 | Bailey   | Reached skill level 8 in Stealth
  9835 | D:8      | Noticed a two-headed ogre
  9875 | D:8      | Killed a two-headed ogre
  9875 | D:8      | Reached XP level 11. HP: 17/71 MP: 10/20
 10018 | D:8      | Reached skill level 9 in Stealth
 10018 | D:8      | Reached skill level 5 in Poison Magic
 10095 | D:8      | Noticed a two-headed ogre
 10133 | D:8      | Killed a two-headed ogre
 10301 | D:8      | Reached **** piety under Sif Muna
 10524 | D:9      | Reached skill level 10 in Stealth
 10894 | D:9      | Reached skill level 1 in Evocations
 11073 | D:9      | Found a shattered altar of Ashenzari.
 11461 | D:10     | Entered Level 10 of the Dungeon
 12630 | D:11     | Found a frozen archway.
 12636 | D:11     | Slain by an ice devil

Skill      XL: |  1  2  3  4  5  6  7  8  9 10 11 |
---------------+----------------------------------+-----
Conjurations   | 2 3 4 5 |  5.0
Stealth        | 3 5 6 8 10 | 10.0
Fighting       | 1 2 3 4 5 |  5.8
Poison Magic   | 1 2 3 4 6 |  6.0
Air Magic      | 1 3 4 5 6 |  6.7
Shields        | 1 2 4 |  4.1
Invocations    | 1 2 4 6 |  6.0
Dodging        | 3 4 5 |  5.7
Spellcasting   | 4 6 |  6.6
Hexes          | 2 4 |  4.4
Polearms       | 2 3 4 |  4.0
Evocations     | 2 |  2.7
Summonings     | |  1.0
Translocations | |  1.0

Action                   |  1- 3 |  4- 6 |  7- 9 | 10-12 || total
-------------------------+-------+-------+-------+-------++-------
Melee: Unarmed           |    10 |       |       |       ||    10
       Constrict         |     5 |    12 |    49 |    66 ||   132
       Tentacles         |     3 |    11 |    29 |    60 ||   103
       Short sword       |     4 |     3 |       |       ||     7
       Dagger            |       |    44 |   103 |       ||   147
       Falchion          |       |       |     1 |       ||     1
       Trident           |       |       |    61 |   427 ||   488
 Cast: Magic Dart        |    70 |   101 |   114 |   205 ||   490
       Mephitic Cloud    |       |     7 |    28 |    61 ||    96
       Blink             |       |       |     2 |       ||     2
       Slow              |       |       |     5 |    15 ||    20
Invok: Divine Energy     |       |       |     1 |       ||     1
  Use: Scroll            |       |     3 |     4 |     7 ||    14
       Potion            |       |       |     2 |       ||     2
 Stab: Sleeping          |     1 |     2 |     4 |     5 ||    12
       Confused          |       |     4 |    14 |    39 ||    57
       Distracted        |       |       |       |     2 ||     2
  Eat: Chunk             |     1 |     8 |     9 |    16 ||    34
       Ration            |       |       |     2 |       ||     2
Armor: Skin              |     5 |     2 |     6 |     8 ||    21
Dodge: Dodged            |    13 |    22 |   127 |   140 ||   302
Block: Buckler           |       |       |     6 |    46 ||    52
